 Dungeon Crawl Stone Soup version 0.31-a0-152-g6aa68a64a1 (webtiles) character file.

Game seed: 14964558417038771314

508 qw the Shooter (level 7, -1/64 HPs)
             Began as a Naga Hunter on June 10, 2023.
             Slain by Dowan
             ... wielding a +0 dagger
              (3 damage)
             ... on level 4 of the Dungeon.
             The game lasted 00:01:01 (2666 turns).

qw the Shooter (Naga Hunter)                        Turns: 2666, Time: 00:01:02

Health: -1/64      AC:  3    Str: 13    XL:     7   Next: 18%
Magic:  7/7        EV:  9    Int: 10    God:
Gold:   227        SH:  0    Dex: 16    Spells: 6/6 levels left

rFire   . . .        Y - +3 shortbow (flame)
rCold   + . .        (shield currently unavailable)
rNeg    . . .        c - +0 leather armour
rPois   +            (no helmet)
rElec   .            (no cloak)
rCorr   +            (no gloves)
SInv    +            (no barding)
Will    .....        (no amulet)
Stlth   ++           d - ring of Owatedeam {rC+ rCorr}
HPRegen 0.30/turn    (no ring)
MPRegen 0.10/turn

%: no passive effects
@: short of breath, very slow
A: AC +2, large, see invisible, deformed body, poison resistance, slowness 2,
spit poison 1, naga tail 1
a: Spit Poison


You were on level 4 of the Dungeon.
You visited 1 branch of the dungeon, and saw 5 of its levels.

You collected 227 gold pieces.


Innate Abilities, Weirdness & Mutations

Your serpentine skin is tough. (AC +2)
You have supernaturally acute eyesight. (SInv)
Armour fits poorly on your strangely shaped body.
Your system is resistant to poisons. (rPois)
You cover ground very slowly.
You can spit poison.
You have a snake-like lower body.


   Skills:
 - Level 4.1 Fighting
 + Level 6.9 Ranged Weapons
 - Level 1.5 Dodging
 - Level 1.5 Stealth


You had 6 spell levels left.
You didn't know any spells.
Your spell library was empty.

Inventory:

Hand Weapons
 Y - a +3 shortbow of flaming (weapon)
Armour
 c - a +0 leather armour (worn)
Jewellery
 d - the ring of Owatedeam (left hand) {rC+ rCorr}
   (You acquired it on level 1 of the Dungeon)

   [ring of protection from cold]

   rC:        It protects you from cold.
   rCorr:     It protects you from acid and corrosion.
Potions
 a - a potion of degeneration {unknown}
 e - a potion of brilliance {unknown}

Dungeon Overview and Level Annotations

Branches:
Dungeon (5/15)
 Temple: D:4-7

Altars:
Ashenzari
Trog

Annotations:
D:4 Dowan


Message History

The gnoll hits you from afar with a +0 spear.
Duvessa hits you but does no damage.
You shoot an arrow. The arrow hits Duvessa!
The arrow burns Duvessa.
Duvessa is almost dead.
You have got your breath back.
Duvessa hits you with a +0 short sword.
The gnoll hits you from afar with a +0 spear.
2659 ||| INVOKING Spit Poison.
Aiming: Spit Poison (1% risk of failure)
Press: ? - help, Shift-Dir - straight line, f/p - Duvessa The splash of poison hits Duvessa!
Duvessa looks even sicker.
You kill Duvessa!
Dowan screams, "No!
Oh no!"
Dowan seems to find hidden reserves of power!
The gnoll hits you from afar with a +0 spear.
You have reached level 7!
You shoot an arrow. The arrow hits the gnoll.
The arrow burns the gnoll.
The gnoll is severely wounded.
The gnoll hits you from afar with a +0 spear.
You shoot an arrow. The arrow hits the gnoll.
The arrow burns the gnoll.
The gnoll is severely wounded.
You have got your breath back.
The gnoll hits you from afar with a +0 spear.
2662 ||| INVOKING Spit Poison.
Aiming: Spit Poison (1% risk of failure)
Press: ? - help, Shift-Dir - straight line, f/p - gnoll The splash of poison hits the gnoll.
You kill the gnoll!
You shoot an arrow. The arrow hits the gnoll!
The arrow burns the gnoll.
You kill the gnoll!
You shoot an arrow. The arrow hits Dowan.
Dowan is lightly wounded.
You shoot an arrow. The arrow hits Dowan!
Dowan is moderately wounded.
Dowan hits you with a +0 dagger. x2
You shoot an arrow. The arrow barely misses Dowan.
The arrow hits the orc.
The arrow burns the orc.
You kill the orc!
Dowan hits you with a +0 dagger. x2
You die...

############## .
#...........##
....#######...........##
....))e@..'.............
....#######...........##
. #############. # ##.
######.. ##......
###..##' #.#..#..
.....##.#._


You could see Dowan (fast).

Vanquished Creatures
  Duvessa (D:4)
  2 scorpions
  An orc priest (D:5)
  2 iguanas (D:5)
  An orc wizard (D:4)
  5 gnolls
  4 adders
  2 worms (D:2)
  A dart slug (D:1)
  14 orcs
  6 endoplasms
  3 giant cockroaches
  3 goblins (D:1)
  4 hobgoblins
  10 kobolds
  7 quokkas
  10 ball pythons
  4 bats
  5 frilled lizards
  6 rats
91 creatures vanquished.

Notes
Turn   | Place    | Note
-------+----------+-------------------------------------------
     0 | D:1      | qw the Naga Hunter began the quest for the Orb.
     0 | D:1      | Reached XP level 1. HP: 19/19 MP: 1/1
     0 | D:1      | 0 ||| qw: Version: 0.2-a-29-gd901d54
     0 | D:1      | 0 ||| qw: Game counter: 4004
     0 | D:1      | 0 ||| qw: Always use a shield: true
     0 | D:1      | 0 ||| qw: God list: Okawaru
     0 | D:1      | 0 ||| qw: Allow faded altars: false
     0 | D:1      | 0 ||| qw: Do Orc after D:15 true
     0 | D:1      | 0 ||| qw: Do second Lair branch before Depths: true
     0 | D:1      | 0 ||| qw: Lair rune preference: random
     0 | D:1      | 0 ||| qw: Plans: Normal
     0 | D:1      | 0 ||| PLANNING D:1-11
    14 | D:1      | 14 ||| INVOKING Spit Poison.
    24 | D:1      | 24 ||| INVOKING Spit Poison.
    62 | D:1      | 62 ||| INVOKING Spit Poison.
    63 | D:1      | 63 ||| INVOKING Spit Poison.
    80 | D:1      | 80 ||| INVOKING Spit Poison.
    94 | D:1      | 94 ||| INVOKING Spit Poison.
   143 | D:1      | 143 ||| INVOKING Spit Poison.
   146 | D:1      | 146 ||| INVOKING Spit Poison.
   148 | D:1      | Reached skill level 4 in Ranged Weapons
   148 | D:1      | Reached XP level 2. HP: 26/26 MP: 2/2
   157 | D:1      | 157 ||| INVOKING Spit Poison.
   164 | D:1      | 164 ||| INVOKING Spit Poison.
   228 | D:1      | 228 ||| INVOKING Spit Poison.
   311 | D:1      | 311 ||| INVOKING Spit Poison.
   385 | D:1      | 385 ||| INVOKING Spit Poison.
   510 | D:1      | 510 ||| INVOKING Spit Poison.
   539 | D:1      | 539 ||| INVOKING Spit Poison.
   547 | D:1      | 547 ||| INVOKING Spit Poison.
   552 | D:1      | 552 ||| INVOKING Spit Poison.
   583 | D:1      | 583 ||| INVOKING Spit Poison.
   608 | D:1      | 608 ||| INVOKING Spit Poison.
   609 | D:1      | 609 ||| INVOKING Spit Poison.
   610 | D:1      | Reached XP level 3. HP: 32/32 MP: 3/3
   617 | D:1      | 617 ||| INVOKING Spit Poison.
   643 | D:1      | 643 ||| INVOKING Spit Poison.
   748 | D:1      | 748 ||| INVOKING Spit Poison.
   765 | D:1      | 765 ||| INVOKING Spit Poison.
   842 | D:1      | 842 ||| READING 2 scrolls labelled DOGOCIXT QEXKOI.
   843 | D:1      | 843 ||| READING scroll labelled RENICR ANLO.
   844 | D:1      | 844 ||| READING scroll labelled CUXYRE OFUTZI.
   845 | D:1      | 845 ||| READING scroll labelled YRCHIDO ZIOFI.
   846 | D:1      | 846 ||| READING scroll labelled NOAKA OTOCLORA.
   847 | D:1      | 847 ||| READING scroll labelled PEOTODW VUOFF.
   848 | D:1      | 848 ||| READING scroll labelled DOXATUTANO.
   848 | D:1      | Identified a scroll of acquirement
   848 | D:1      | 848 ||| ACQUIRING ring of Owatedeam {rC+ rCorr}
   848 | D:1      | Acquired the ring of Owatedeam {rC+ rCorr}
   850 | D:1      | 850 ||| UPGRADING to ring of Owatedeam {rC+ rCorr}.
   851 | D:1      | 851 ||| DROPPING scroll of vulnerability.
   852 | D:1      | 852 ||| DROPPING scroll of butterflies.
   902 | D:2      | 902 ||| READING scroll of enchant weapon.
   902 | D:2      | 902 ||| ENCHANTING +1 shortbow of flaming.
   963 | D:2      | 963 ||| INVOKING Spit Poison.
  1059 | D:2      | 1059 ||| INVOKING Spit Poison.
  1080 | D:2      | 1080 ||| INVOKING Spit Poison.
  1106 | D:2      | 1106 ||| INVOKING Spit Poison.
  1109 | D:2      | Reached skill level 5 in Ranged Weapons
  1109 | D:2      | Reached XP level 4. HP: 33/39 MP: 4/4
  1135 | D:2      | 1135 ||| INVOKING Spit Poison.
  1138 | D:2      | 1138 ||| INVOKING Spit Poison.
  1150 | D:2      | 1150 ||| INVOKING Spit Poison.
  1151 | D:2      | 1151 ||| INVOKING Spit Poison.
  1172 | D:2      | 1172 ||| INVOKING Spit Poison.
  1207 | D:2      | 1207 ||| INVOKING Spit Poison.
  1220 | D:2      | 1220 ||| INVOKING Spit Poison.
  1226 | D:2      | 1226 ||| INVOKING Spit Poison.
  1265 | D:2      | 1265 ||| INVOKING Spit Poison.
  1293 | D:2      | 1293 ||| INVOKING Spit Poison.
  1368 | D:2      | 1368 ||| INVOKING Spit Poison.
  1414 | D:2      | 1414 ||| INVOKING Spit Poison.
  1539 | D:2      | 1539 ||| INVOKING Spit Poison.
  1542 | D:2      | 1542 ||| INVOKING Spit Poison.
  1550 | D:2      | 1550 ||| INVOKING Spit Poison.
  1556 | D:2      | 1556 ||| INVOKING Spit Poison.
  1574 | D:2      | 1574 ||| INVOKING Spit Poison.
  1585 | D:2      | 1585 ||| INVOKING Spit Poison.
  1596 | D:2      | 1596 ||| INVOKING Spit Poison.
  1636 | D:2      | 1636 ||| READING scroll labelled YMPIG ZAXKAL.
  1692 | D:3      | 1692 ||| INVOKING Spit Poison.
  1697 | D:3      | 1697 ||| INVOKING Spit Poison.
  1771 | D:3      | Noticed a scorpion
  1773 | D:3      | 1773 ||| INVOKING Spit Poison.
  1777 | D:3      | 1777 ||| INVOKING Spit Poison.
  1782 | D:3      | 1782 ||| INVOKING Spit Poison.
  1782 | D:3      | Killed a scorpion
  1783 | D:3      | Reached skill level 3 in Fighting
  1783 | D:3      | Reached XP level 5. HP: 17/50 MP: 5/5
  1935 | D:3      | You fall into a shaft and drop 2 floors!
  1935 | D:5      | Entered Level 5 of the Dungeon
  1941 | D:5      | 1941 ||| READING scroll of enchant weapon.
  1941 | D:5      | 1941 ||| ENCHANTING +2 shortbow of flaming.
  1946 | D:5      | 1946 ||| INVOKING Spit Poison.
  1951 | D:5      | 1951 ||| INVOKING Spit Poison.
  1955 | D:5      | 1955 ||| INVOKING Spit Poison.
  1956 | D:5      | HP: 11/50 [orc/+0 club (4)]
  1961 | D:5      | 1961 ||| INVOKING Spit Poison.
  1963 | D:5      | HP: 6/50 [gnoll/+0 club (7)]
  2012 | D:5      | 2012 ||| INVOKING Spit Poison.
  2056 | D:5      | 2056 ||| INVOKING Spit Poison.
  2063 | D:5      | 2063 ||| INVOKING Spit Poison.
  2131 | D:5      | 2131 ||| INVOKING Spit Poison.
  2134 | D:5      | Reached XP level 6. HP: 55/57 MP: 6/6
  2135 | D:5      | 2135 ||| INVOKING Spit Poison.
  2139 | D:5      | Found a bloodstained altar of Trog.
  2142 | D:5      | 2142 ||| INVOKING Spit Poison.
  2147 | D:5      | Reached skill level 6 in Ranged Weapons
  2147 | D:5      | 2147 ||| INVOKING Spit Poison.
  2242 | D:5      | 2242 ||| INVOKING Spit Poison.
  2396 | D:5      | 2396 ||| INVOKING Spit Poison.
  2400 | D:5      | 2400 ||| INVOKING Spit Poison.
  2431 | D:5      | 2431 ||| READING scroll labelled VOLYOR WELUKIA.
  2432 | D:5      | 2432 ||| READING scroll labelled NOACO BITWUS.
  2523 | D:5      | 2523 ||| DRINKING 2 purple potions.
  2524 | D:5      | 2524 ||| DRINKING 2 viscous emerald potions.
  2572 | D:5      | 2572 ||| DROPPING potion of invisibility.
  2573 | D:5      | 2573 ||| DROPPING potion of lignification.
  2582 | D:4      | 2582 ||| INVOKING Spit Poison.
  2595 | D:4      | Found a broken altar of Ashenzari.
  2629 | D:4      | 2629 ||| INVOKING Spit Poison.
  2634 | D:4      | 2634 ||| INVOKING Spit Poison.
  2635 | D:4      | Noticed Duvessa
  2637 | D:4      | 2637 ||| INVOKING Spit Poison.
  2641 | D:4      | Noticed Dowan
  2647 | D:4      | 2647 ||| INVOKING Spit Poison.
  2654 | D:4      | 2654 ||| INVOKING Spit Poison.
  2659 | D:4      | 2659 ||| INVOKING Spit Poison.
  2659 | D:4      | Killed Duvessa
  2659 | D:4      | HP: 14/57 [gnoll/+0 spear[a gnoll bouda] (4)]
  2660 | D:4      | Reached XP level 7. HP: 16/64 MP: 7/7
  2662 | D:4      | 2662 ||| INVOKING Spit Poison.
  2665 | D:4      | HP: 6/64 [Dowan/+0 dagger (5)]
  2666 | D:4      | HP: 2/64 [Dowan/+0 dagger (2)]
  2666 | D:4      | Slain by Dowan

Levels and vault maps discovered:
D:1:      minmay_arrival_arboretum_small, layout_loops_corners
D:2:      minmay_diamond_boxcup, layout_loops_ring
D:3:      layout_loops_ring, serial_glass, glass_columns_b, glass_columns_b,
          glass_columns_a, glass_columns_b,
          shapermc_ecumenical_altar_mp_vishouse
D:4:      layout_basic, nicolae_ashenzari_skybound, uniq_duvessa
D:5:      layout_loops_corners, old_standard_altar

Skill      XL: |  1  2  3  4  5  6 |
---------------+-------------------+-----
Ranged Weapons | 4 5 6 |  6.9
Fighting       | 3 4 |  4.1
Dodging        | |  1.5
Stealth        | |  1.5

Action                     |  1- 3 |  4- 6 |  7- 9 || total
---------------------------+-------+-------+-------++-------
   Fire: Shortbow          |    50 |   106 |     6 ||   162
Ability: Spit Poison       |    26 |    43 |     1 ||    70
    Use: Scroll            |     8 |     4 |       ||    12
         Potion            |       |     2 |       ||     2
 Armour: Leather armour    |     1 |    13 |       ||    14
  Dodge: Dodged            |    11 |    33 |       ||    44

Table legend:
 A = Non-vault XP
 B = Vault XP
 C = Vault XP percentage of total XP
 D = Non-vault monster count
 E = Vault monster count
 F = Vault count percentage of total count
                 A         B        C        D         E       F
            +---------+---------+-------+---------+---------+-------
      Total |     578 |     151 |  20.7 |      83 |       8 |   8.8
            +---------+---------+-------+---------+---------+-------
        D:1 |      43 |       0 |   0.0 |      27 |       0 |   0.0
        D:2 |      69 |       9 |  11.5 |      22 |       7 |  24.1
        D:3 |     104 |       0 |   0.0 |       7 |       0 |   0.0
        D:4 |      83 |     142 |  63.1 |      10 |       1 |   9.1
        D:5 |     279 |       0 |   0.0 |      17 |       0 |   0.0
            +---------+---------+-------+---------+---------+-------
